 Dungeon Crawl Stone Soup version 0.24-a0-335-g06ca16a (webtiles) character file.

Game seed: 13848533686858123195

152757 geeko55 the Tortoise (level 17, -2/106 HPs)
             Began as a Gargoyle Fighter on May 10, 2019.
             Was a Priest of Qazlal.
             Slain by an alligator (17 damage)
             ... on level 4 of the Swamp on May 18, 2019.
             The game lasted 02:31:31 (29011 turns).

geeko55 the Tortoise (Gargoyle Fighter)            Turns: 29011, Time: 02:31:34

Health: -2/106     AC: 31    Str: 38    XL:     17   Next: 29%
Magic:  26/26      EV: 14    Int: 14    God:    Qazlal [***...]
Gold:   580        SH: 21    Dex: 14    Spells: 16/16 levels left

rFire    + . .     SeeInvis .   w - +3 scimitar of Qeufotown {freeze, Str+5 Int+5 Stlth-}
rCold    + . .     Gourm    +   c - +1 shield
rNeg     + . .     Faith    .   N - +5 ring mail "Xuofabid" {Regen+ Str+2 Dex+4 Stlth-}
rPois    ∞         Spirit   .   B - +2 hat
rElec    +         Reflect  .   F - scarf {rC+ rF+}
rCorr    .         Harm     .   S - +1 pair of gloves
MR       +....                  (no boots)
Stlth    ..........             j - amulet of the gourmand
HPRegen  0.67/turn              n - ring "Erphuixihatz" {EV+4 Str+3 Int+4}
MPRegen  0.20/turn              g - ring "Narhiagg" {AC+3 Str+3 Int-3 Slay+4}

@: no status effects
A: big wings, talons 1, deformed body, dopey 1, negative energy resistance 1,
electricity resistance, wild magic 1, unbreathing, petrification resistance, rot
immunity, AC +12
}: 1/15 runes: serpentine
a: Fly, Upheaval, Elemental Force, Renounce Religion


You were on level 4 of the Swamp.
You worshipped Qazlal.
Qazlal was most pleased with you.
You were not hungry.

You visited 4 branches of the dungeon, and saw 24 of its levels.
You visited 1 bazaar.
You also visited: Ossuary and Gauntlet.

You collected 2265 gold pieces.
You spent 1685 gold pieces at shops.

Inventory:

Hand Weapons
 i - a +2 morningstar of protection
 v - a +1 mace of crushing
 w - the +3 scimitar of Qeufotown (weapon) {freeze, Str+5 Int+5 Stlth-}
   (You bought it in a shop on level 1 of the Snake Pit)

   It has been specially enchanted to freeze those struck by it, causing extra
   injury to most foes and up to half again as much damage against particularly
   susceptible opponents.
   It can also slow down cold-blooded creatures.
   It affects your strength (+5).
   It affects your intelligence (+5).
   It makes you less stealthy.
 y - the cursed +1 mace of Plog {pain, rN+ MR++ MP+9 Str-3}
   (You bought it in a shop on level 5 of the Dungeon)

   In the hands of one skilled in necromantic magic, it inflicts extra damage on
   living creatures.
   It affects your strength (-3).
   It protects you from negative energy.
   It affects your resistance to hostile enchantments.
   It affects your magic capacity (+9).
   It has a curse placed upon it.
Armour
 c - a +1 shield (worn)
 B - a +2 hat (worn)
 F - a scarf of resistance (worn)
 M - the +8 chain mail of the Beggar {rF+ rC+ rN+}
   (You found it on level 10 of the Dungeon)

   It protects you from fire.
   It protects you from cold.
   It protects you from negative energy.
 N - the +5 ring mail "Xuofabid" (worn) {Regen+ Str+2 Dex+4 Stlth-}
   (You found it on level 3 of the Swamp)

   It affects your strength (+2).
   It affects your dexterity (+4).
   It increases your rate of regeneration.
   It makes you less stealthy.
 S - a +1 pair of gloves (worn)
Jewellery
 g - the ring "Narhiagg" (right hand) {AC+3 Str+3 Int-3 Slay+4}
   (You found it in a Gauntlet)

   [ring of protection]

   It affects your AC (+3).
   It affects your strength (+3).
   It affects your intelligence (-3).
   It affects your accuracy and damage with ranged weapons and melee attacks
   (+4).
 h - an uncursed ring of protection from fire
 j - an amulet of the gourmand (around neck)
 n - the ring "Erphuixihatz" (left hand) {EV+4 Str+3 Int+4}
   (You bought it in a shop on level 2 of the Snake Pit)

   [ring of evasion]

   It affects your evasion (+4).
   It affects your strength (+3).
   It affects your intelligence (+4).
 z - the cursed ring of Liarghuqu {rElec rC+ EV-2 Str+4}
   (You found it on level 3 of the Swamp)

   [ring of evasion]

   It affects your evasion (-2).
   It affects your strength (+4).
   It protects you from cold.
   It insulates you from electricity.
   It has a curse placed upon it.
Wands
 s - a wand of polymorph (34)
 u - a wand of paralysis (9)
 E - a wand of iceblast (10)
 I - a wand of clouds (14)
 J - a wand of enslavement (12)
 Q - a wand of disintegration (9)
Scrolls
 a - 7 scrolls of identify
 b - 3 scrolls of vulnerability
 k - 5 scrolls of fear
 l - 3 scrolls of fog
 m - 8 scrolls of teleportation
 r - 5 scrolls of blinking
 t - 6 scrolls of amnesia
 G - a scroll of silence
 L - 2 scrolls of enchant weapon
 O - 6 scrolls of remove curse
Potions
 d - 2 potions of might
 o - a potion of curing
 p - 7 potions of agility
 q - a potion of brilliance
 D - 2 potions of haste
 H - a potion of cancellation
 K - 3 potions of resistance
 P - a potion of ambrosia
Miscellaneous
 e - a fan of gales
 x - a box of beasts
 A - 3 phantom mirrors
 C - a sack of spiders
 T - a crystal ball of energy
Comestibles
 f - 35 rations


   Skills:
 - Level 12.0 Fighting
 * Level 11.3 Long Blades
 - Level 14.0 Maces & Flails
 - Level 16.0 Armour
 * Level 13.8 Shields
 - Level 12.0 Invocations


You had 16 spell levels left.
You didn't know any spells.
Your spell library contained the following spells:

 Spells                   Type           Power        Failure   Level  Hunger
 Animate Skeleton         Necr           N/A          47%         1    ##.....
 Apportation              Tloc           #.....       47%         1    ##.....
 Beastly Appendage        Tmut           #.....       47%         1    ##.....
 Confusing Touch          Hex            #.....       47%         1    ##.....
 Freeze                   Ice            #...         47%         1    ##.....
 Shock                    Conj/Air       #...         47%         1    ##.....
 Summon Small Mammal      Summ           #...         47%         1    ##.....
 Call Imp                 Summ           #.......     61%         2    ###....
 Ensorcelled Hibernation  Hex/Ice        #.....       61%         2    ###....
 Sticks to Snakes         Tmut           #.......     61%         2    ###....
 Swiftness                Chrm/Air       #.......     61%         2    ###....
 Throw Frost              Conj/Ice       #.....       61%         2    ###....
 Call Canine Familiar     Summ           #.......     83%         3    ####...
 Ozocubu's Armour         Chrm/Ice       #.......     83%         3    ####...
 Spider Form              Tmut/Pois      #.........   83%         3    ####...
 Static Discharge         Conj/Air       #.......     83%         3    ####...
 Summon Guardian Golem    Hex/Summ       #.......     83%         3    ####...
 Airstrike                Air            #.........   99%         4    #####..
 Ice Form                 Ice/Tmut       #.......     99%         4    #####..
 Summon Ice Beast         Ice/Summ       #.......     99%         4    #####..
 Summon Lightning Spire   Summ/Air       #.......     99%         4    #####..
 Throw Icicle             Conj/Ice       #.......     99%         4    #####..
 Blade Hands              Tmut           #.........   100%        5    ######.
 Borgnjor's Vile Clutch   Necr/Erth      #.........   100%        5    ######.
 Lightning Bolt           Conj/Air       #.........   100%        5    ######.
 Silence                  Hex/Air        #.........   100%        5    ######.
 Darkness                 Hex            #.........   100%        6    #######
 Shadow Creatures         Summ           N/A          100%        6    #######
 Ignition                 Fire           #.........   100%        8    #######
 Shatter                  Erth           #.........   100%        9    #######
 Tornado                  Air            #.........   100%        9    #######


Dungeon Overview and Level Annotations

Branches:
Dungeon (10/15)            Temple (0/1) D:6            Lair (6/6) D:9
  Swamp (4/4) Lair:2        Snake (4/4) Lair:3        Slime (0/5) Lair:6
    Orc (0/2) D:10

Altars:
Ashenzari
Nemelex Xobeh
Qazlal
Ru
Sif Muna
Vehumet
Wu Jian
Xom
Yredelemnul
Zin
The Shining One
Jiyva

Shops:
D:4 (   D:5 *   D:9 (*   Snake:1 :[*(   Snake:2 =}}

Annotations:
D:7 1 runed translucent door, namelastname112's ghost, novice DrAs
Lair:5 exclusion: oklob plant
Lair:6 1 runed translucent door
Swamp:3 3 runed translucent doors, Roghewn's ghost, adept FoFi


Innate Abilities, Weirdness & Mutations

You are resistant to torment.
Your stone body is resilient. (AC +12)
You are immune to poison.
Your large and strong wings let you fly indefinitely.
You resist negative energy. (rN+)
You are resistant to electric shocks. (rElec)
You can survive without breathing.
You are immune to petrification.
You are immune to rotting.
You have sharp toenails.
Armour fits poorly on your strangely shaped body.
You are dopey. (Int -2)
Your spells are a little harder to cast, but a little more powerful.


Message History

The eight-headed hydra is struck by an arc of lightning.
The lightning grounds out.
You block the slime creature's attack.
You block the large slime creature's attack.
The slime creature hits you!
The swamp worm bites you but does no damage.
You hit the slime creature. You freeze the slime creature.
You kill the slime creature!
Qazlal accepts your kill.
You block the insubstantial wisp's attack.
The slime creature misses you. The large slime creature hits you!
* * * LOW HITPOINT WARNING * * *
You block the swamp worm's attack. The alligator completely misses you.
The alligator tail-slaps you but does no damage.
You block the slime creature's attack.
You block the insubstantial wisp's attack.
The swamp worm bites you!
* * * LOW HITPOINT WARNING * * *
The large slime creature closely misses you.
The alligator bites you!
You die...

♣♣ ♣♣♣ ≈§♣♣♣♣≈ ♣♣≈♣♣♣
....≈ ♣...≈♣♣ ♣.w♣♣
♣.≈≈..♣♣
♣wJ@♣♣♣♣♣♣≈≈≈..≈♣ ♣
.♣♣.tvJ≈.♣...≈....♣♣♣≈
≈≈....D..†.≈≈≈≈≈≈≈.♣.≈≈
≈≈≈≈≈.$.≈♣♣≈≈≈≈≈≈≈≈≈.≈≈≈
≈≈≈≈≈≈≈≈♣♣♣♣≈≈≈≈≈≈≈≈≈≈≈≈
.≈≈≈≈≈≈≈≈ ♣≈.≈≈≈≈≈≈≈.≈≈.
≈≈≈≈≈≈≈≈. ♣♣≈..≈≈≈≈≈.♣♣♣
≈≈≈≈≈≈... ≈≈≈.≈≈≈≈≈≈≈♣♣
≈≈≈≈≈≈. .≈≈...≈≈.≈≈.♣♣


You could see an alligator, an eight-headed hydra, a large slime creature, a
slime creature, 2 swamp worms and an insubstantial wisp.

Vanquished Creatures
  Rupert (Snake:1)
  Jorgrun (Swamp:3)
  Kirke (Lair:5)
  7 nagarajas
  A minotaur (Gauntlet)
  Snorg (Lair:5)
  A death ooze (Gauntlet)
  3 fire dragons
  7 hydras
  12 naga warriors
  A catoblepas (Lair:3)
  A merfolk avatar (Lair:6)
  A shambling mangrove (Swamp:2)
  8 alligators
  7 anacondas
  4 shock serpents (Snake:4)
  10 naga sharpshooters
  A fire crab (Swamp:4)
  6 salamander mystics (Snake:4)
  3 sea snakes
  2 wizards (Gauntlet)
  10 swamp dragons
  An unseen horror (D:10)
  2 spriggan druids
  6 naga ritualists
  Pikel (D:9)
  A mana viper (Snake:2)
  A manticore (D:6)
  3 oklob plants
  6 salamanders
  7 elephants
  24 black mambas
  11 guardian serpents (Snake:4)
  16 naga magi
  15 spiny frogs
  3 minotaur zombies (Gauntlet)
  6 komodo dragons
  5 rime drakes (Lair:6)
  9 tyrant leeches
  3 polar bears (Lair:6)
  14 slime creatures
  8 hornets
  8 hippogriffs
  A wind drake (Lair:6)
  23 blink frogs
  7 bog bodies
  5 spriggans
  36 yaks
  3 wyverns
  A hog (Lair:5)
  2 basilisks
  14 vampire mosquitoes
  Menkaure (D:5)
  10 swamp worms
  9 insubstantial wisps
  49 nagas
  16 water moccasins
  7 porcupines
  4 orc warriors
  A hornet zombie (D:7)
  2 sky beasts
  2 phantoms
  4 ice beasts
  A black bear (Lair:1)
  A slave (D:9)
  15 swamp drakes
  4 ogres
  6 wolves (Lair:2)
  3 centaurs
  17 crocodiles
  An elf zombie (Ossuary)
  13 bullfrogs
  A wyvern zombie (D:10)
  5 scorpions
  13 wights
  4 howler monkeys
  An electric eel (Lair:2)
  A crimson imp (D:10)
  4 jellies
  2 bullfrog zombies
  6 hounds
  A quasit (D:9)
  2 centaur zombies
  2 human zombies (Ossuary)
  6 orc priests
  7 orc wizards
  Jessica (D:2)
  A bullfrog skeleton (D:4)
  2 iguanas
  8 worker ants
  A hound zombie (D:9)
  5 hound skeletons
  2 mummies (Ossuary)
  A worker ant zombie (D:4)
  3 gnolls (D:7)
  11 adders
  7 shadow imps
  2 white imps (Gauntlet)
  An ooze (D:1)
  5 adder zombies
  4 worms
  6 leopard geckos
  39 orcs
  8 ball pythons
  6 bats
  7 giant cockroaches
  6 goblins
  7 hobgoblins
  13 jackals
  5 kobolds (D:2)
  7 quokkas
  5 frilled lizards
  10 hobgoblin zombies (Ossuary)
  A jackal skeleton (D:4)
  3 jackal zombies (Ossuary)
  9 kobold zombies (Ossuary)
  8 orc zombies (Ossuary)
  A quokka skeleton (D:7)
  7 rats
  A spectral orc (D:5)
  A butterfly (Lair:2)
  2 plants
758 creatures vanquished.

Vanquished Creatures (collateral kills)
  A black mamba (Lair:2)
  A yak (Lair:2)
2 creatures vanquished.

Vanquished Creatures (others)
  A hydra (Swamp:4)
  2 lindwurms (Swamp:4)
  2 humans (Lair:5)
  A slave (D:9)
  A shadow imp (Gauntlet)
  An orc (D:9)
  16 fungi
  31 plants
55 creatures vanquished.

Grand Total: 815 creatures vanquished

Notes
Turn   | Place    | Note
-------+----------+-------------------------------------------
     0 | D:1      | geeko55 the Gargoyle Fighter began the quest for the Orb.
     0 | D:1      | Reached XP level 1. HP: 14/14 MP: 1/1
   172 | D:1      | Reached XP level 2. HP: 19/19 MP: 2/2
   685 | D:2      | Reached XP level 3. HP: 10/23 MP: 3/3
  1078 | D:2      | Noticed Jessica
  1083 | D:2      | Killed Jessica
  1218 | D:2      | Reached XP level 4. HP: 24/28 MP: 4/4
  1439 | D:2      | Found a radiant altar of Vehumet.
  1921 | D:3      | Found a stormy altar of Qazlal.
  2268 | D:3      | Reached XP level 5. HP: 32/32 MP: 5/5
  2677 | D:3      | Became a worshipper of Qazlal Stormbringer
  2774 | D:4      | Reached skill level 1 in Invocations
  2874 | D:4      | Reached XP level 6. HP: 36/37 MP: 6/6
  2927 | D:4      | Reached skill level 5 in Maces & Flails
  2967 | D:4      | You fall through a shaft for 2 floors!
  2985 | D:6      | Reached skill level 5 in Shields
  2992 | D:5      | Entered Level 5 of the Dungeon
  3175 | D:5      | Found Vucoiphocacs's Assorted Antiques.
  3307 | D:4      | Reached XP level 7. HP: 25/41 MP: 8/8
  3795 | D:4      | Found Liuvem's Antique Weapon Shoppe.
  3958 | D:5      | Noticed Menkaure
  3963 | D:5      | Killed Menkaure
  4101 | D:5      | Paralysed by an orc for 5 turns
  4258 | D:5      | Found a glowing silver altar of Zin.
  4575 | D:5      | Found a basalt altar of Yredelemnul.
  4579 | D:5      | Reached * piety under Qazlal
  4673 | D:5      | Bought a jewelled mace for 160 gold pieces
  4673 | D:5      | Bought an embroidered scarf for 160 gold pieces
  4673 | D:5      | Identified the cursed +1 mace of Plog {pain, rN+ MR++ MP+9
                  | Str-3} (You bought it in a shop on level 5 of the Dungeon)
  4727 | D:6      | Found an ornate altar of the Wu Jian Council.
  4732 | D:6      | Found a sparkling altar of Nemelex Xobeh.
  4732 | D:6      | Found a sacrificial altar of Ru.
  4732 | D:6      | Found a deep blue altar of Sif Muna.
  4733 | D:6      | Found a shimmering altar of Xom.
  4780 | D:6      | Reached XP level 8. HP: 46/46 MP: 10/10
  5469 | D:6      | Found a staircase to the Ecumenical Temple.
  5577 | D:6      | You fall through a shaft for 3 floors!
  5622 | D:9      | Found Iliefif's General Store.
  5633 | D:9      | Bought a potion of heal wounds for 85 gold pieces
  5706 | D:9      | Reached skill level 5 in Invocations
  5732 | D:8      | Reached XP level 9. HP: 49/51 MP: 12/12
  5798 | D:8      | Reached ** piety under Qazlal
  5805 | D:8      | Found a sand-covered staircase.
  5811 | Ossuary  | Entered an ossuary
  5965 | Ossuary  | Reached *** piety under Qazlal
  6429 | D:8      | Found a glowing golden altar of the Shining One.
  6555 | D:8      | Reached skill level 10 in Maces & Flails
  7176 | D:7      | Found a runed translucent door.
  7176 | D:7      | Noticed namelastname112's ghost (novice DrAs)
  7572 | D:6      | Noticed a manticore
  7579 | D:6      | Killed a manticore
  7579 | D:6      | Reached XP level 10. HP: 36/56 MP: 13/13
  7759 | D:5      | Bought a heavily runed ring mail for 180 gold pieces
  7759 | D:5      | Identified the +1 ring mail of Resonance {rF- Str+3 Slay+2}
                  | (You bought it in a shop on level 5 of the Dungeon)
  8021 | D:9      | Noticed Pikel
  8043 | D:9      | Killed Pikel
  8043 | D:9      | Reached **** piety under Qazlal
  8237 | D:9      | Found a staircase to the Lair.
  8271 | D:9      | Found Dera's Antique Weapon Emporium.
  8429 | D:9      | Found a shattered altar of Ashenzari.
  8614 | Lair:1   | Entered Level 1 of the Lair of Beasts
  8628 | Lair:1   | Noticed a black mamba
  8629 | Lair:1   | Noticed a spiny frog
  8643 | Lair:1   | Noticed a spiny frog
  8651 | Lair:1   | Killed a black mamba
  8662 | D:9      | Killed a spiny frog
  8908 | D:10     | Entered Level 10 of the Dungeon
  9120 | D:10     | Reached XP level 11. HP: 50/60 MP: 14/14
  9203 | D:10     | Got a crude chain mail
  9204 | D:10     | Identified the +8 chain mail of the Beggar {rF+ rC+ rN+}
                  | (You found it on level 10 of the Dungeon)
  9515 | D:10     | Killed an unseen horror
  9828 | D:10     | Found a staircase to the Orcish Mines.
 10450 | Lair:1   | Gained mutation: Your flesh is cold resistant. (rC+)
                  | [potion of mutation]
 10450 | Lair:1   | Gained mutation: You are frail. (-10% HP) [potion of
                  | mutation]
 10450 | Lair:1   | Gained mutation: You can translocate small distances at
                  | will. [potion of mutation]
 10556 | Lair:1   | Reached skill level 5 in Fighting
 10591 | Lair:1   | Noticed an oklob plant
 10988 | Lair:1   | Killed an oklob plant
 11112 | Lair:2   | Reached skill level 4 in Armour
 11310 | Lair:2   | Reached skill level 5 in Armour
 11685 | Lair:2   | Reached XP level 12. HP: 63/63 MP: 17/17
 11691 | Lair:2   | Found a staircase to the Swamp.
 12249 | Swamp:1  | Entered Level 1 of the Swamp
 12264 | Swamp:1  | Reached skill level 6 in Armour
 12627 | Swamp:1  | Noticed an alligator
 12645 | Swamp:1  | Killed an alligator
 12645 | Swamp:1  | Reached skill level 7 in Armour
 12645 | Swamp:1  | Reached skill level 10 in Shields
 12931 | Swamp:1  | Noticed an alligator
 12963 | Swamp:1  | Killed an alligator
 13180 | Swamp:1  | Noticed an alligator
 13186 | Swamp:1  | Killed an alligator
 13298 | Swamp:1  | Noticed an alligator
 13308 | Swamp:1  | Killed an alligator
 13308 | Swamp:1  | Reached skill level 8 in Armour
 13580 | Swamp:1  | Noticed an alligator
 13581 | Swamp:1  | Noticed an alligator
 13597 | Swamp:1  | Killed an alligator
 13600 | Swamp:1  | Killed an alligator
 13797 | Swamp:1  | Got a faintly glowing plate armour
 13798 | Swamp:1  | Identified the +10 plate armour "Ekkucoamn" {rElec rF-
                  | Str+6 SInv} (You found it on level 1 of the Swamp)
 14041 | Swamp:2  | Noticed a spriggan rider
 14089 | Swamp:2  | Noticed an alligator
 14104 | Swamp:2  | Killed an alligator
 14115 | Swamp:2  | Reached skill level 9 in Armour
 14141 | Swamp:2  | Reached XP level 13. HP: 27/70 MP: 19/19
 15352 | Swamp:3  | Reached skill level 10 in Armour
 16305 | Lair:3   | Found a staircase to the Snake Pit.
 16697 | Snake:1  | Entered Level 1 of the Snake Pit
 17018 | Snake:1  | Found Hafeg's Antique Weapon Emporium.
 17038 | Snake:1  | Bought a shimmering scimitar for 288 gold pieces
 17038 | Snake:1  | Identified the +3 scimitar of Qeufotown {freeze, Str+5
                  | Int+5 Stlth-} (You bought it in a shop on level 1 of the
                  | Snake Pit)
 17088 | Snake:1  | Noticed Rupert
 17101 | Snake:1  | Paralysed by Rupert for 2 turns
 17109 | Snake:1  | Killed Rupert
 17109 | Snake:1  | Reached skill level 1 in Long Blades
 17109 | Snake:1  | Reached skill level 11 in Armour
 17246 | Snake:1  | Found Gujus's Assorted Antiques.
 17278 | Snake:1  | Found Ocloiss's Armour Shop.
 17336 | Snake:1  | Upgraded the game from 0.24-a0-292-g5c6fb1c to
                  | 0.24-a0-317-g5cb8de4
 17351 | Snake:1  | Reached skill level 10 in Invocations
 17365 | Snake:1  | Found Duixaro's Book Shoppe.
 18501 | Snake:2  | Gained mutation: Your large and strong wings let you fly
                  | indefinitely. [Gargoyle growth]
 18501 | Snake:2  | Reached XP level 14. HP: 50/77 MP: 15/21
 18907 | Snake:2  | Found Riag's Gadget Emporium.
 18908 | Snake:2  | Found Nuegec's Jewellery Shop.
 18909 | Snake:2  | Found Mengud's Gadget Emporium.
 19379 | Snake:3  | Noticed a nagaraja
 19405 | Snake:3  | Killed a nagaraja
 19405 | Snake:3  | Reached skill level 12 in Armour
 20625 | Lair:5   | Found a deep blue altar of Sif Muna.
 20661 | Lair:5   | You fall through a shaft!
 20661 | Lair:6   | Entered Level 6 of the Lair of Beasts
 20694 | Lair:5   | Reached skill level 10 in Fighting
 20705 | Lair:5   | Reached skill level 5 in Long Blades
 20777 | Lair:5   | Noticed Snorg
 20826 | Lair:5   | Killed Snorg
 20848 | Lair:5   | Found a gate leading to a gauntlet.
 20859 | Gauntlet | Entered a Gauntlet
 20859 | Gauntlet | Found a transporter.
 20859 | Gauntlet | Found a transporter.
 20986 | Gauntlet | Found a transporter.
 20988 | Gauntlet | Found a transporter.
 21008 | Gauntlet | Found a transporter.
 21019 | Gauntlet | Found a transporter.
 21025 | Gauntlet | Found a transporter.
 21037 | Gauntlet | Found a transporter.
 21059 | Gauntlet | Found a transporter.
 21063 | Gauntlet | Found a transporter.
 21080 | Gauntlet | Found a transporter.
 21125 | Gauntlet | Got a coiled marble ring
 21133 | Gauntlet | Identified the ring "Narhiagg" {AC+3 Str+3 Int-3 Slay+4}
                  | (You found it in a Gauntlet)
 21150 | Gauntlet | Paralysed by a wizard for 7 turns
 21600 | Lair:5   | Noticed Kirke
 21615 | Lair:5   | Noticed a sphinx
 21615 | Lair:5   | Killed Kirke
 21639 | Lair:5   | Reached skill level 13 in Armour
 22449 | Lair:6   | Reached XP level 15. HP: 69/83 MP: 20/23
 22557 | Lair:6   | Upgraded the game from 0.24-a0-317-g5cb8de4 to
                  | 0.24-a0-333-g864f2b5
 23080 | Lair:6   | Found a runed translucent door.
 23080 | Lair:6   | Found a viscous altar of Jiyva.
 23080 | Lair:6   | Found a staircase to the Slime Pits.
 23655 | Snake:2  | Bought the ring "Erphuixihatz" {EV+4 Str+3 Int+4} for 692
                  | gold pieces
 23860 | Snake:3  | Reached skill level 14 in Armour
 24181 | Snake:3  | Reached ***** piety under Qazlal
 24445 | Snake:4  | Entered Level 4 of the Snake Pit
 24445 | Snake:4  | Noticed a nagaraja
 24453 | Snake:4  | Killed a nagaraja
 24626 | Snake:4  | Found a flickering gateway to a bazaar.
 24632 | Bazaar   | Entered a bazaar
 24777 | Bazaar   | Found Narreeb's General Store.
 24797 | Bazaar   | Found Tystroa's Antique Armour Shoppe.
 24806 | Bazaar   | Found Tub Ylos's General Store.
 24820 | Bazaar   | Found Byehy's Assorted Antiques.
 24835 | Bazaar   | Found Juiqedis's Armour Shop.
 24947 | Bazaar   | Bought a potion of curing for 45 gold pieces
 24947 | Bazaar   | Bought a potion of heal wounds for 75 gold pieces
 25392 | Snake:4  | Reached XP level 16. HP: 80/90 MP: 15/25
 25437 | Snake:4  | Noticed a nagaraja
 25438 | Snake:4  | Noticed a nagaraja
 25464 | Snake:4  | Killed a nagaraja
 25753 | Snake:3  | Lost mutation: Your flesh is cold resistant. (rC+) [potion
                  | of mutation]
 25753 | Snake:3  | Lost mutation: You are frail. (-10% HP) [potion of
                  | mutation]
 25753 | Snake:3  | Gained mutation: Scrolls take you a little longer to read.
                  | [potion of mutation]
 25753 | Snake:3  | Gained mutation: You passively map a small area around you.
                  | [potion of mutation]
 25754 | Snake:3  | Lost mutation: You passively map a small area around you.
                  | [potion of mutation]
 25754 | Snake:3  | Lost mutation: Scrolls take you a little longer to read.
                  | [potion of mutation]
 25754 | Snake:3  | Gained mutation: You are dopey. (Int -2) [potion of
                  | mutation]
 25754 | Snake:3  | Gained mutation: You are clumsy. (Dex -2) [potion of
                  | mutation]
 25754 | Snake:3  | Gained mutation: You have sharp toenails. [potion of
                  | mutation]
 25754 | Snake:3  | Gained mutation: Your spells are a little harder to cast,
                  | but a little more powerful. [potion of mutation]
 25755 | Snake:3  | Lost mutation: You can translocate small distances at will.
                  | [potion of mutation]
 25755 | Snake:3  | Lost mutation: You are dopey. (Int -2) [potion of mutation]
 25755 | Snake:3  | Gained mutation: Armour fits poorly on your strangely
                  | shaped body. [potion of mutation]
 25755 | Snake:3  | Gained mutation: You are dopey. (Int -2) [potion of
                  | mutation]
 25755 | Snake:3  | Lost mutation: You are clumsy. (Dex -2) [potion of
                  | mutation]
 25842 | Snake:4  | Killed a nagaraja
 25881 | Snake:4  | Reached skill level 15 in Armour
 25967 | Snake:4  | Noticed a nagaraja
 25986 | Snake:4  | Killed a nagaraja
 26058 | Snake:4  | Noticed a nagaraja
 26067 | Snake:4  | Killed a nagaraja
 26104 | Snake:4  | Noticed a nagaraja
 26349 | Snake:4  | Killed a nagaraja
 26349 | Snake:4  | Reached skill level 10 in Long Blades
 27348 | Snake:4  | Identified the +6 dagger of Law {vamp, MP+9 Int+3}
 27682 | Snake:4  | Got a serpentine rune of Zot
 27774 | Snake:3  | Upgraded the game from 0.24-a0-333-g864f2b5 to
                  | 0.24-a0-335-g06ca16a
 27994 | Swamp:3  | Found a runed translucent gate.
 27994 | Swamp:3  | Found a runed translucent gate.
 27994 | Swamp:3  | Found a runed translucent gate.
 27995 | Swamp:3  | Noticed Roghewn's ghost (adept FoFi)
 28006 | Swamp:3  | Noticed a thorn hunter
 28045 | Swamp:3  | Noticed Jorgrun
 28054 | Swamp:3  | Killed Jorgrun
 28094 | Swamp:3  | Got a twisted ring mail
 28097 | Swamp:3  | Identified the +5 ring mail "Xuofabid" {Regen+ Str+2 Dex+4
                  | Stlth-} (You found it on level 3 of the Swamp)
 28274 | Swamp:3  | Got a scintillating iron ring
 28275 | Swamp:3  | Identified the cursed ring of Liarghuqu {rElec rC+ EV-2
                  | Str+4} (You found it on level 3 of the Swamp)
 28627 | Swamp:4  | Entered Level 4 of the Swamp
 28637 | Swamp:4  | Reached XP level 17. HP: 105/106 MP: 21/26
 28672 | Swamp:3  | Reached skill level 16 in Armour
 29011 | Swamp:4  | Slain by an alligator

Levels and vault maps discovered:
D:1:      grunt_arrival_lava_bath, layout_basic, roderic_serpentine_path
D:2:      layout_loops_ring, lemuel_doored_altar, first_ration,
          minmay_close_crescents, uniq_jessica
D:3:      layout_rooms, nicolae_overflow_hidden_temple, grunt_qazlal_sundering
D:4:      layout_basic, serial_shops, nicolae_shop_behind_doors
D:5:      layout_basic, lemuel_round_altar, yredelemnul_forgotten_temple_becter,
          serial_shops, shop, uniq_menkaure
D:6:      minmay_cornered_nines, layout_basic, minitemple,
          minmay_temple_entry_grid, minmay_misc_feat_enclosed,
          minmay_misc_feat_chi
D:7:      layout_basic, ebering_ghost_reflecting_pool
D:8:      layout_layer_cave, kennysheep_mini_moat, nicolae_ossuary_entry_ruins,
          hangedman_decor_riveting
D:9:      layout_irregular_city, ashenzari_altar_1, dpeg_oklobed_lair,
          serial_shops, nicolae_shop_behind_doors, shop, uniq_pikel
D:10:     layout_loops_ring, hiddenorc1_lemuel
Lair:1:   layout_hall_layers, minmay_lair_oklob_bushes, st_stairs_10,
          beast_lair_carwin_11
Lair:2:   layout_cave_pods, swamp_mist_pool, chequers_serial_rivers_micro_d,
          infiniplex_staircase_pool_2, lemuel_fruit_fields
Lair:3:   layout_small_grid, minmay_snake_entry_six_corridors
Lair:4:   layout_small_grid, serial_bayou_shore_b, minmay_lair_oklob_chamber,
          grunt_megastairs_5, serial_bayou_shore_b
Lair:5:   layout_regular_city, gauntlet_entry_generic,
          chequers_serial_rivers_small_b, lemuel_oklob_altar, uniq_snorg,
          uniq_kirke
Lair:6:   gammafunk_lair_ancient_temple, layout_gridlike, slime_altar_2
Swamp:1:  layout_basic_swamp, evilmike_swamp_ruin_house_2
Swamp:2:  layout_falls_marsh, hangedman_swamp_ruin_hall
Swamp:3:  layout_falls_marsh, gammafunk_ghost_split,
          evilmike_swamp_ruin_house_5, uniq_jorgrun
Swamp:4:  swamp_fiery, layout_basic_swamp, swamp_pool1
Snake:1:  layout_layer_cave, serial_shops, shop, nicolae_shop_statue_plus, shop,
          shop_fountains, uniq_rupert
Snake:2:  layout_onion, grunt_megastairs_2, minmay_shop_grove,
          serial_bayou_shore_a
Snake:3:  layout_gridlike
Snake:4:  johnstein_snake_rune_scales, layout_basic, serial_shops,
          bzr_entry_safe

Skill      XL: |  1  2  3  4  5  6  7  8  9 10 11 12 13 14 15 16 17 |
---------------+----------------------------------------------------+-----
Maces & Flails | 3 4 5 6 8 11 14 | 14.0
Shields        | 4 5 6 7 9 10 11 13 | 13.8
Invocations    | 1 2 3 5 7 8 10 11 12 | 12.0
Fighting       | 6 7 9 10 11 12 | 12.0
Armour         | 5 9 11 13 14 15 16 | 16.0
Long Blades    | 3 6 9 10 11 | 11.3

Action                   |  1- 3 |  4- 6 |  7- 9 | 10-12 | 13-15 | 16-18 || total
-------------------------+-------+-------+-------+-------+-------+-------++-------
Melee: Flail             |    88 |   277 |   589 |   718 |  1182 |       ||  2854
       Unarmed           |       |       |       |       |     6 |       ||     6
       Scimitar          |       |       |       |       |   162 |   420 ||   582
       Kick              |       |       |       |       |       |   192 ||   192
Invok: Upheaval          |       |       |       |    18 |    31 |    20 ||    69
       Elemental Force   |       |       |       |     1 |       |       ||     1
 Abil: Blink             |       |       |       |     2 |     3 |     4 ||     9
       Fly               |       |       |       |       |     3 |     2 ||     5
       Stop Flying       |       |       |       |       |     3 |     2 ||     5
  Use: Scroll            |       |     9 |    16 |    18 |    15 |     3 ||    61
       Potion            |       |     1 |     2 |    15 |     5 |     9 ||    32
 Stab: Distracted        |       |       |       |     1 |       |       ||     1
  Eat: Chunk             |     1 |     9 |    14 |    27 |    24 |       ||    75
       Ration            |       |       |       |       |     2 |     5 ||     7
Armor: Scale mail        |    57 |   199 |   212 |       |       |       ||   468
       Ring mail         |       |       |       |    75 |       |   122 ||   197
       Chain mail        |       |       |       |   218 |   563 |   145 ||   926
       Plate armour      |       |       |       |    21 |    39 |       ||    60
Dodge: Dodged            |    42 |   163 |   173 |   175 |   346 |   180 ||  1079
       Deflected         |       |       |     2 |     5 |     8 |     2 ||    17
Block: Shield            |       |    38 |   367 |   561 |  1107 |   533 ||  2606
       Other             |       |       |       |       |     2 |       ||     2
       Rpst.: Scimitar   |       |       |       |       |    12 |    29 ||    41

Table legend:
 A = Non-vault XP
 B = Vault XP
 C = Vault XP percentage of total XP
 D = Non-vault monster count
 E = Vault monster count
 F = Vault count percentage of total count
                 A         B        C        D         E       F
            +---------+---------+-------+---------+---------+-------
      Total |  114185 |   85469 |  42.8 |     518 |     239 |  31.6
            +---------+---------+-------+---------+---------+-------
        D:1 |      19 |       0 |   0.0 |       9 |       0 |   0.0
        D:2 |      75 |      40 |  34.8 |      26 |       3 |  10.3
        D:3 |      63 |       0 |   0.0 |      25 |       0 |   0.0
        D:4 |     382 |       0 |   0.0 |      20 |       0 |   0.0
        D:5 |     318 |     173 |  35.2 |      11 |       2 |  15.4
        D:6 |     822 |     586 |  41.6 |      22 |       3 |  12.0
        D:7 |    1171 |       0 |   0.0 |      27 |       0 |   0.0
        D:8 |     788 |       0 |   0.0 |      18 |       0 |   0.0
        D:9 |    2254 |     651 |  22.4 |      28 |       1 |   3.4
       D:10 |    2409 |     223 |   8.5 |      29 |      17 |  37.0
     Lair:1 |    3126 |    1065 |  25.4 |      13 |       5 |  27.8
     Lair:2 |    4147 |       0 |   0.0 |      25 |       0 |   0.0
     Lair:3 |    2873 |    1674 |  36.8 |      11 |      16 |  59.3
     Lair:4 |     411 |    2132 |  83.8 |       3 |       6 |  66.7
     Lair:5 |   10012 |    3358 |  25.1 |      40 |       3 |   7.0
     Lair:6 |   11849 |    8775 |  42.5 |      37 |      26 |  41.3
    Swamp:1 |   10484 |       0 |   0.0 |      26 |       0 |   0.0
    Swamp:2 |    7723 |       0 |   0.0 |      27 |       0 |   0.0
    Swamp:3 |    6984 |    5741 |  45.1 |      24 |       5 |  17.2
    Swamp:4 |    3747 |   11218 |  75.0 |      14 |      24 |  63.2
    Snake:1 |    6937 |    3275 |  32.1 |      14 |       1 |   6.7
    Snake:2 |    3819 |    2702 |  41.4 |      10 |       5 |  33.3
    Snake:3 |    9347 |       0 |   0.0 |      15 |       0 |   0.0
    Snake:4 |   24425 |   38393 |  61.1 |      44 |      69 |  61.1
    Ossuary |       0 |     299 | 100.0 |       0 |      39 | 100.0
   Gauntlet |       0 |    5164 | 100.0 |       0 |      14 | 100.0
            +---------+---------+-------+---------+---------+-------
